[Event "Titled Tuesday Blitz March 29 Early 2022"]
[White "Omelja, Artem"]
[Black "Atakhan, Abtin"]
[WhiteFideId "14119846"]
[BlackFideId "22502203"]
[WhiteElo "2545"]
[BlackElo "2696"]
[Result "0-1"]
[Round "07"]
[TimeControl "180+1"]
[Date "2022.03.30"]
[WhiteClock "0:00:32"]
[BlackClock "0:01:52"]

1. d4 Nf6 2. c4 c5 3. d5 e6 4. Nc3 exd5 5. cxd5 d6 6. e4 g6 7. h3 Bg7 8. Nf3 O-O 9. Bd3 b5 10. Nxb5 Re8 11. Bg5 c4 12. Be2 Qa5+ 13. Nc3 Nxe4 14. O-O Bxc3 15. bxc3 Nxc3 16. Qc2 Nxe2+ 17. Kh1 Qc3 18. Qa4 Bd7 19. Qd1 Bxh3 20. Re1 Nd7 21. Rb1 Bf5 22. Rb7 Qd3 23. Qa1 Ne5 24. Nxe5 Rxe5 25. Bf6 Be4 26. Kh2 Rh5+ 0-1


[Site "https://www.chess.com"]

[Event "Titled Tuesday Blitz March 29 Early 2022"]
[White "Oro, Luis"]
[Black "Coto Mederos, Michel"]
[WhiteFideId "104094"]
[BlackFideId "3508528"]
[WhiteElo "2361"]
[BlackElo "2427"]
[Result "0-1"]
[Round "07"]
[TimeControl "180+1"]
[Date "2022.03.30"]
[WhiteClock "0:00:42"]
[BlackClock "0:00:04"]

1. e4 d5 2. exd5 Qxd5 3. Nc3 Qa5 4. d4 Nf6 5. Nf3 c6 6. h3 Bf5 7. Bc4 e6 8. O-O Bd6 9. Bb3 Nbd7 10. Qe2 O-O 11. Be3 Rad8 12. Nd2 Qc7 13. f4 h5 14. Nc4 Ne4 15. Nxe4 Bxe4 16. Nxd6 Qxd6 17. c3 g6 18. Rae1 Nf6 19. Bd2 c5 20. Be3 b6 21. Qf2 Bd3 22. dxc5 Qc6 23. Bd4 Ne4 24. Qh4 Bxf1 25. Rxf1 bxc5 26. Be3 Rd3 27. Qe1 Rfd8 28. Bc2 R3d7 29. Bc1 f5 30. Qe3 Kf7 31. g4 hxg4 32. hxg4 Rh8 33. gxf5 gxf5 34. Rf3 Kf8 35. b3 Rg7+ 36. Kf1 Rh1+ 37. Ke2 Rh2+ 38. Kd1 Qd6+ 39. Bd3 Ng3 40. Rxg3 Rh1+ 41. Kc2 Rh2+ 42. Bd2 Rd7 43. c4 Qe7 44. Rf3 Qg7 45. Rf2 Rh1 46. Bc3 Qg1 47. Qxc5+ Kf7 48. Qe3 Qb1+ 49. Kd2 Qd1# 0-1


[Site "https://www.chess.com"]

[Event "Titled Tuesday Blitz March 29 Early 2022"]
[White "Osmonbekov, Talaibek"]
[Black "Suarez Uriel, Adrian"]
[WhiteFideId "2017253"]
[BlackFideId "22230874"]
[WhiteElo "2135"]
[BlackElo "2316"]
[Result "0-1"]
[Round "07"]
[TimeControl "180+1"]
[Date "2022.03.30"]
[WhiteClock "0:00:02"]
[BlackClock "0:01:23"]

1. d4 Nf6 2. Nc3 d5 3. Bf4 c5 4. e3 e6 5. Nb5 Na6 6. c3 Be7 7. Nf3 O-O 8. Ne5 Ne4 9. Bd3 f6 10. Nf3 Qb6 11. a4 Bd7 12. Bxe4 dxe4 13. dxc5 Nxc5 14. Bc7 Qa6 15. O-O exf3 16. b4 fxg2 17. Re1 Bxb5 18. axb5 Qxb5 19. bxc5 Qxc5 20. Qd7 Rf7 21. Bg3 Qd5 22. Qxd5 exd5 23. Red1 Bc5 24. Rxd5 Bb6 25. Kxg2 Rc8 26. Ra3 g5 27. h3 Kg7 28. h4 Kg6 29. hxg5 fxg5 30. Rd6+ Rf6 31. Rd7 Rf7 32. Rd6+ Kf5 33. f3 Bxe3 34. Ra5+ Rc5 35. Rxc5+ Bxc5 36. Rd5+ Kg6 37. Rxc5 h5 38. f4 g4 39. Rg5+ Kh6 40. Kf2 Rc7 41. Ra5 a6 42. Ra3 Kg6 0-1


[Site "https://www.chess.com"]

[Event "Titled Tuesday Blitz March 29 Early 2022"]
[White "Pajeken, Jakob Leon"]
[Black "Muradov, Soltan"]
[WhiteFideId "12942839"]
[BlackFideId "14002108"]
[WhiteElo "2351"]
[BlackElo "1854"]
[Result "1-0"]
[Round "07"]
[TimeControl "180+1"]
[Date "2022.03.30"]
[WhiteClock "0:01:24"]
[BlackClock "0:00:01"]

1. d4 Nf6 2. Nf3 e6 3. Bf4 Be7 4. h3 d5 5. e3 b6 6. c3 Bb7 7. Nbd2 Nbd7 8. Bd3 O-O 9. Qb1 Re8 10. g4 Nf8 11. Rg1 c5 12. h4 cxd4 13. exd4 Bd6 14. Bxd6 Qxd6 15. Ne5 N6d7 16. f4 f6 17. Nxd7 Qxd7 18. Nf3 b5 19. a4 bxa4 20. g5 f5 21. Ne5 Qc7 22. Rxa4 a6 23. h5 Nd7 24. Qa2 Nxe5 25. fxe5 Qb6 26. g6 h6 27. Rb4 Qc7 28. Qb3 Bc6 29. Kd2 Qe7 30. Rb6 Rec8 31. Qb4 Qh4 32. Be2 Qf4+ 33. Kd1 Qe3 34. Re1 Qf2 35. Qd6 Bb5 36. Qxe6+ Kh8 37. Qxd5 Rab8 38. Rxb8 Rxb8 39. e6 Ba4+ 40. Kd2 Rxb2+ 41. Kd3 Bc2+ 42. Kc4 Bb3+ 43. Kc5 Bxd5 44. e7 Rb8 45. Rb1 Rf8 46. exf8=Q+ 1-0


[Site "https://www.chess.com"]

[Event "Titled Tuesday Blitz March 29 Early 2022"]
[White "Papasimakopoulos, Alexandros"]
[Black "Ljukin, Sergei"]
[WhiteFideId "4244125"]
[BlackFideId "14102200"]
[WhiteElo "2700"]
[BlackElo "2556"]
[Result "1-0"]
[Round "07"]
[TimeControl "180+1"]
[Date "2022.03.30"]
[WhiteClock "0:01:38"]
[BlackClock "0:01:31"]

1. d4 d5 2. c4 c6 3. cxd5 cxd5 4. Bf4 Nf6 5. Nc3 Nc6 6. e3 Bf5 7. Qb3 Na5 8. Qa4+ Bd7 9. Qc2 e6 10. Bd3 Nc6 11. a3 Nh5 12. Bg3 f5 13. Nf3 g5 14. Be5 Nxe5 15. Nxe5 Bd6 16. Nxd7 Kxd7 17. Bxf5 exf5 18. Qxf5+ Ke8 19. Nxd5 Be7 20. Rc1 Ng7 21. Qe5 Kf8 22. Rc7 1-0


[Site "https://www.chess.com"]

[Event "Titled Tuesday Blitz March 29 Early 2022"]
[White "Paravyan, David"]
[Black "Chigaev, Maksim"]
[WhiteFideId "4194985"]
[BlackFideId "4108116"]
[WhiteElo "2569"]
[BlackElo "2502"]
[Result "1/2-1/2"]
[Round "07"]
[TimeControl "180+1"]
[Date "2022.03.29"]
[WhiteClock "0:00:06"]
[BlackClock "0:00:03"]

1. e4 c5 2. Nf3 Nc6 3. d4 cxd4 4. Nxd4 Nf6 5. Nc3 e5 6. Ndb5 d6 7. Nd5 Nxd5 8. exd5 Ne7 9. c4 Nf5 10. Bd3 g6 11. Qa4 Bd7 12. Qb4 a6 13. Nc3 Bg7 14. O-O O-O 15. Ne4 Qc7 16. Bg5 f6 17. Bd2 a5 18. Qa3 b6 19. Kh1 h5 20. f4 Rae8 21. Rae1 Bc8 22. b4 axb4 23. Bxb4 Rd8 24. fxe5 fxe5 25. Ng5 Qe7 26. Ne6 Bxe6 27. dxe6 Qxe6 28. Qa6 Kh7 29. Qxb6 Rb8 30. Qa5 Ra8 31. Qc7 Rxa2 32. Bxf5 Rxf5 33. Rxf5 Qxf5 34. Qxd6 e4 35. Qd5 Qxd5 36. cxd5 Ra4 37. Be7 Rd4 38. d6 Kg8 39. g3 Bf8 40. Kg2 Bxe7 41. dxe7 Kf7 42. Kf2 Kxe7 43. Ke3 Ra4 44. Kf4 Kf6 45. h4 e3+ 46. Kxe3 Rb4 47. Kf3 1/2-1/2


[Site "https://www.chess.com"]

[Event "Titled Tuesday Blitz March 29 Early 2022"]
[White "Pein, Jonathan"]
[Black "Ovezdurdyyeva, Jemal"]
[WhiteFideId "417092"]
[BlackFideId "14001888"]
[WhiteElo "2140"]
[BlackElo "1946"]
[Result "1-0"]
[Round "07"]
[TimeControl "180+1"]
[Date "2022.03.30"]
[WhiteClock "0:00:20"]
[BlackClock "0:00:20"]

1. e4 d6 2. Nc3 Nf6 3. d4 g6 4. Be2 c6 5. g4 b5 6. g5 b4 7. gxf6 bxc3 8. bxc3 exf6 9. h4 h5 10. Nh3 d5 11. Nf4 Bd6 12. exd5 Bxf4 13. Bxf4 cxd5 14. Qd3 a6 15. Rb1 Bf5 16. Qe3+ Be6 17. Rg1 Nc6 18. Rb7 Ne7 19. Bd3 Qa5 20. Bxg6 Qxa2 21. Qxe6 Qb1+ 22. Rxb1 1-0


[Site "https://www.chess.com"]

[Event "Titled Tuesday Blitz March 29 Early 2022"]
[White "Perez Gormaz, Matias"]
[Black "Tristan, Leonardo"]
[WhiteFideId "3406342"]
[BlackFideId "113816"]
[WhiteElo "2327"]
[BlackElo "2404"]
[Result "1-0"]
[Round "07"]
[TimeControl "180+1"]
[Date "2022.03.29"]
[WhiteClock "0:00:04"]
[BlackClock "0:00:02"]

1. d4 d5 2. Nf3 Nf6 3. Bf4 e6 4. e3 Bd6 5. Nbd2 O-O 6. Bd3 b6 7. Qe2 Bb7 8. O-O Ne4 9. Rad1 Nd7 10. Ba6 Qc8 11. Bxb7 Qxb7 12. Bxd6 cxd6 13. c4 Qa6 14. a3 Rac8 15. Rc1 Rc7 16. Nxe4 dxe4 17. Nd2 d5 18. Rc3 Rfc8 19. Rfc1 f5 20. Kf1 Nf6 21. h3 Qa4 22. g3 h5 23. Kg2 h4 24. b4 hxg3 25. fxg3 Qe8 26. c5 Qg6 27. c6 Nh5 28. Qf2 Rf8 29. Kh2 Qf6 30. b5 e5 31. Nb3 g5 32. dxe5 Qxe5 33. Nd4 f4 34. gxf4 gxf4 35. Rg1+ Kh8 36. Kh1 Rcf7 37. c7 Ng3+ 38. Rxg3 fxg3 39. Qxf7 Rxf7 40. c8=Q+ Kh7 41. Qe6 Qh5 42. Kg2 Rf2+ 43. Kg1 1-0


[Site "https://www.chess.com"]

[Event "Titled Tuesday Blitz March 29 Early 2022"]
[White "Perez Ponsa, Federico"]
[Black "Vakhlamov, Igor L."]
[WhiteFideId "117927"]
[BlackFideId "24126748"]
[WhiteElo "2672"]
[BlackElo "2401"]
[Result "1-0"]
[Round "07"]
[TimeControl "180+1"]
[Date "2022.03.29"]
[WhiteClock "0:00:30"]
[BlackClock "0:00:07"]

1. d4 d5 2. c4 e6 3. Nc3 c5 4. cxd5 cxd4 5. Qa4+ Bd7 6. Qxd4 exd5 7. Nf3 Nc6 8. Qxd5 Nf6 9. Qb3 Bc5 10. e3 O-O 11. Be2 Be6 12. Qa4 Nb4 13. O-O a6 14. a3 b5 15. Qd1 Nbd5 16. Nxd5 Nxd5 17. Nd4 Qf6 18. Nxe6 fxe6 19. Bf3 Rfd8 20. Qe2 Rac8 21. Rb1 Ba7 22. Rd1 Rf8 23. Bxd5 exd5 24. Rxd5 Rc4 25. b3 Qg6 26. bxc4 Qxb1 27. Rd1 Rc8 28. Bb2 Qa2 29. Qg4 Rc7 30. Rd8+ Kf7 31. Qxg7+ Ke6 32. Qf6# 1-0


[Site "https://www.chess.com"]

[Event "Titled Tuesday Blitz March 29 Early 2022"]
[White "Postny, Evgeny"]
[Black "Gabdrakhmanov, Azat"]
[WhiteFideId "2804344"]
[BlackFideId "34189197"]
[WhiteElo "2483"]
[BlackElo "2279"]
[Result "1-0"]
[Round "07"]
[TimeControl "180+1"]
[Date "2022.03.29"]
[WhiteClock "0:00:23"]
[BlackClock "0:00:02"]

1. e4 c5 2. Nf3 e6 3. d4 cxd4 4. Nxd4 a6 5. Bd3 Nf6 6. O-O d6 7. c4 Be7 8. Nc3 Qc7 9. b3 Nbd7 10. Bb2 b6 11. Rc1 Bb7 12. Qe2 O-O 13. Kh1 Rfe8 14. Bb1 Bf8 15. f4 e5 16. Nf5 exf4 17. Rxf4 g6 18. Nd5 Nxd5 19. cxd5 Qd8 20. Nd4 Bxd5 21. Qf2 Be6 22. Nxe6 fxe6 23. e5 Nxe5 24. Bxe5 dxe5 25. Rf7 Bh6 26. Rf1 Rf8 27. Be4 Rb8 28. Qf3 Bf4 29. Rxh7 Qg5 30. Qh3 Qf6 31. g3 Rbd8 32. gxf4 Rd2 33. Rh6 Kf7 34. Rxg6 Qh8 35. Qxe6# 1-0


[Site "https://www.chess.com"]

[Event "Titled Tuesday Blitz March 29 Early 2022"]
[White "Pranav, V"]
[Black "Tabatabaei, M. Amin"]
[WhiteFideId "25060783"]
[BlackFideId "12521213"]
[WhiteElo "2349"]
[BlackElo "2544"]
[Result "1-0"]
[Round "07"]
[TimeControl "180+1"]
[Date "2022.03.29"]
[WhiteClock "0:00:24"]
[BlackClock "0:00:11"]

1. e4 c6 2. d4 d5 3. e5 Bf5 4. Nf3 e6 5. Be2 Nd7 6. c3 Ne7 7. O-O h6 8. Na3 Bh7 9. Nc2 Nf5 10. Bd3 c5 11. Ne3 Nxe3 12. fxe3 Bxd3 13. Qxd3 Be7 14. Bd2 Qb6 15. b3 Rc8 16. Kh1 O-O 17. e4 dxe4 18. Qxe4 cxd4 19. cxd4 Qc6 20. Qg4 Kh7 21. Qh5 Qc2 22. Bg5 f6 23. Bh4 Qg6 24. Qxg6+ Kxg6 25. Rfe1 Kf7 26. d5 g5 27. exf6 Nxf6 28. dxe6+ Kg6 29. Bg3 Rfd8 30. h3 Kf5 31. Re5+ Kg6 32. Re2 Rd5 33. Rf1 a5 34. Ne5+ Kg7 35. Ng4 Kg6 36. Ne5+ Kg7 37. Nc4 Rc6 38. Kh2 b5 39. Nxa5 Rb6 40. b4 Kg6 41. a3 Nh5 42. Bc7 Ra6 43. Rf7 Bf6 44. e7 1-0


[Site "https://www.chess.com"]

[Event "Titled Tuesday Blitz March 29 Early 2022"]
[White "Prohorov, Olexandr"]
[Black "Dejmek, Mark"]
[WhiteFideId "14105578"]
[BlackFideId "2017628"]
[WhiteElo "1993"]
[BlackElo "2255"]
[Result "1-0"]
[Round "07"]
[TimeControl "180+1"]
[Date "2022.03.30"]
[WhiteClock "0:00:47"]
[BlackClock "0:00:01"]

1. e4 e5 2. Nf3 Nc6 3. Bb5 a6 4. Ba4 Nf6 5. O-O Be7 6. Re1 b5 7. Bb3 d6 8. d3 O-O 9. h3 Na5 10. Nbd2 c5 11. c3 Nxb3 12. axb3 Bb7 13. Nf1 Re8 14. Ng3 Bf8 15. c4 Rb8 16. Bd2 Qd7 17. Bg5 Qe6 18. Nh4 h6 19. Bd2 g6 20. Qc1 Kh7 21. Nf3 Ng8 22. b4 bxc4 23. dxc4 Rec8 24. bxc5 Rxc5 25. b3 Rcc8 26. Qc3 f5 27. exf5 gxf5 28. Nd4 exd4 29. Rxe6 dxc3 30. Bxc3 Bg7 31. Bxg7 Kxg7 32. Nxf5+ Kf7 33. Rae1 Rc6 34. Nxd6+ Kf8 35. b4 Rxd6 36. Rxd6 1-0


[Site "https://www.chess.com"]

[Event "Titled Tuesday Blitz March 29 Early 2022"]
[White "Quirke, Jeffrey"]
[Black "Kopylov, Alexander A."]
[WhiteFideId "2013029"]
[BlackFideId "4164857"]
[WhiteElo "2170"]
[BlackElo "2436"]
[Result "0-1"]
[Round "07"]
[TimeControl "180+1"]
[Date "2022.03.30"]
[WhiteClock "0:00:02"]
[BlackClock "0:01:07"]

1. c4 e5 2. g3 Nf6 3. Bg2 Be7 4. Nc3 O-O 5. e4 c5 6. Nge2 d6 7. O-O Nc6 8. d3 Be6 9. h3 Rc8 10. Kh2 Nd4 11. Nxd4 cxd4 12. Nd5 Bxd5 13. exd5 Nd7 14. f4 f5 15. Bd2 Nc5 16. Qe2 Qc7 17. b4 Nd7 18. Rac1 b6 19. g4 g6 20. Bf3 Kh8 21. Rg1 Nf6 22. gxf5 gxf5 23. Rg2 Rf7 24. Rcg1 Rcf8 25. Qe1 Bd8 26. a3 Qe7 27. Qg3 Qe8 28. fxe5 dxe5 29. Bg5 e4 30. Bxf6+ Bxf6 31. dxe4 fxe4 32. Bxe4 Be5 0-1


[Site "https://www.chess.com"]

[Event "Titled Tuesday Blitz March 29 Early 2022"]
[White "Rabineau, Clement"]
[Black "Mangialardo, Tiago Carvalho"]
[WhiteFideId "628891"]
[BlackFideId "2130718"]
[WhiteElo "2237"]
[BlackElo "2063"]
[Result "1-0"]
[Round "07"]
[TimeControl "180+1"]
[Date "2022.03.30"]
[WhiteClock "0:00:08"]
[BlackClock "0:00:07"]

1. e4 e5 2. Nf3 Nc6 3. Bb5 a6 4. Bxc6 dxc6 5. d4 exd4 6. Qxd4 Qxd4 7. Nxd4 Bc5 8. Be3 Nf6 9. f3 O-O 10. Nc3 Re8 11. O-O-O Be6 12. Rhe1 Bb4 13. Nde2 Rad8 14. a3 Ba5 15. Rxd8 Rxd8 16. Rd1 Rd7 17. b4 Bb6 18. Bxb6 cxb6 19. Nf4 Bc4 20. e5 Rxd1+ 21. Nxd1 Nd7 22. Ne3 Nxe5 23. Nf5 Kf8 24. Nd6 Bf1 25. Kd2 Nc4+ 26. Nxc4 Bxc4 27. Kc3 Be6 28. Nh5 h6 29. Kd4 g6 30. Nf6 Kg7 31. Ke5 h5 32. Ne8+ Kf8 33. Nd6 Ke7 34. Ne4 Bc4 35. c3 Bf1 36. g3 a5 37. Nf6 Bg2 38. f4 Bf3 39. Ng8+ Kf8 40. Nf6 Ke7 41. h3 Bg2 42. g4 Bxh3 43. gxh5 gxh5 44. Nxh5 Be6 45. Nf6 Bc4 46. f5 Bb3 47. Ne4 Kd7 48. f6 Be6 49. Nd6 Kc7 50. Ne8+ Kd7 51. Ng7 Kc7 52. Nxe6+ fxe6 53. Kxe6 axb4 54. axb4 c5 55. f7 Kc6 56. f8=Q Kb5 57. Kd5 cxb4 58. Qxb4+ Ka6 59. Qa4# 1-0


[Site "https://www.chess.com"]

[Event "Titled Tuesday Blitz March 29 Early 2022"]
[White "Ronka, Erik"]
[Black "Vestby-Ellingsen, Mads"]
[WhiteFideId "505080"]
[BlackFideId "1520857"]
[WhiteElo "2264"]
[BlackElo "2232"]
[Result "0-1"]
[Round "07"]
[TimeControl "180+1"]
[Date "2022.03.30"]
[WhiteClock "0:00:05"]
[BlackClock "0:00:08"]

1. e4 e5 2. Bc4 Nf6 3. d3 c6 4. Nf3 d5 5. Bb3 Bb4+ 6. Bd2 Bxd2+ 7. Nbxd2 O-O 8. O-O dxe4 9. Nxe4 Nxe4 10. dxe4 Qe7 11. Qd3 Bg4 12. h3 Bxf3 13. Qxf3 Nd7 14. Rfd1 Nc5 15. Rd2 Rad8 16. Rad1 Rxd2 17. Rxd2 Nxb3 18. Qxb3 Qg5 19. Rd1 b6 20. Qa4 Qg6 21. Rd7 b5 22. Qb4 a5 23. Qe7 h5 24. f3 Qh6 25. Qxe5 Qc1+ 26. Kh2 Qxc2 27. Rd6 g6 28. Rd7 Qc1 29. Qf6 h4 30. Rd6 Qe1 31. Qxh4 Qxh4 0-1


[Site "https://www.chess.com"]

[Event "Titled Tuesday Blitz March 29 Early 2022"]
[White "Rustemov, Alexander"]
[Black "Al-Tarboush, Ward"]
[WhiteFideId "4119002"]
[BlackFideId "7601450"]
[WhiteElo "2756"]
[BlackElo "2276"]
[Result "1-0"]
[Round "07"]
[TimeControl "180+1"]
[Date "2022.03.29"]
[WhiteClock "0:00:41"]
[BlackClock "0:01:32"]

1. d4 d5 2. c4 c6 3. Nc3 Nf6 4. e3 e6 5. Nf3 Nbd7 6. Qc2 Bd6 7. b3 O-O 8. Be2 b6 9. O-O Bb7 10. Bb2 c5 11. cxd5 exd5 12. Rfd1 Qe7 13. Rac1 Rac8 14. Qf5 g6 15. Qg5 Rfe8 16. dxc5 bxc5 17. Bb5 Ne5 18. Nxe5 Bxe5 19. Bxe8 Rxe8 20. Na4 Qd6 21. Bxe5 Rxe5 22. Qf4 g5 23. Qf3 Ne4 24. Nc3 d4 25. exd4 cxd4 26. Nxe4 Rxe4 27. Qg3 Qe6 28. Qxg5+ Kh8 29. f3 f6 30. Qc5 Rh4 31. Qf8+ Qg8 32. Qxg8+ Kxg8 33. Rc4 Rh5 34. Rdxd4 Kf8 35. Rc7 Bd5 36. Rc5 Bf7 37. Rxh5 Bxh5 38. Ra4 Kg7 39. Rxa7+ Kh6 40. b4 f5 41. b5 f4 42. b6 Kg5 43. b7 Bxf3 44. gxf3 h5 45. b8=Q Kh4 46. Qg8 Kh3 47. Rh7 Kh4 48. Qg4# 1-0


[Site "https://www.chess.com"]

[Event "Titled Tuesday Blitz March 29 Early 2022"]
[White "Salinas Herrera, Pablo"]
[Black "Maghsoodloo, Parham"]
[WhiteFideId "3407128"]
[BlackFideId "12539929"]
[WhiteElo "2541"]
[BlackElo "2630"]
[Result "1-0"]
[Round "07"]
[TimeControl "180+1"]
[Date "2022.03.29"]
[WhiteClock "0:01:13"]
[BlackClock "0:01:07"]

1. d4 Nf6 2. Bf4 d5 3. e3 c5 4. Nf3 Nc6 5. Nbd2 Nh5 6. Be5 e6 7. c3 f6 8. Bg3 g6 9. Bd3 Qb6 10. Rb1 Bg7 11. O-O Nxg3 12. hxg3 O-O 13. a3 a5 14. Qe2 Bd7 15. Rfe1 Rfe8 16. dxc5 Qxc5 17. e4 a4 18. Rbd1 f5 19. e5 Rf8 20. Bb5 Ra5 21. c4 Rxb5 22. cxb5 Na5 23. Rc1 Qb6 24. Qe3 Qxb5 25. Rc7 Rc8 26. Nd4 Qxb2 27. Rxd7 Rc3 28. Qg5 1-0


[Site "https://www.chess.com"]

[Event "Titled Tuesday Blitz March 29 Early 2022"]
[White "Sanal, Vahap"]
[Black "Oganian, Miran"]
[WhiteFideId "6300545"]
[BlackFideId "4122488"]
[WhiteElo "2603"]
[BlackElo "2357"]
[Result "1-0"]
[Round "07"]
[TimeControl "180+1"]
[Date "2022.03.29"]
[WhiteClock "0:00:14"]
[BlackClock "0:00:04"]

1. e4 e6 2. d4 d5 3. Nc3 Bb4 4. exd5 exd5 5. Bd3 Nc6 6. Nf3 Nge7 7. O-O Bg4 8. a3 Bd6 9. Nb5 h6 10. Re1 O-O 11. h3 Bh5 12. Be2 a6 13. Nxd6 Qxd6 14. Ne5 Bxe2 15. Rxe2 Nxe5 16. dxe5 Qe6 17. Qd3 c5 18. Bd2 Rad8 19. Rf1 d4 20. f4 Qf5 21. g4 Qxd3 22. cxd3 Nd5 23. f5 Rfe8 24. Rfe1 b6 25. h4 b5 26. g5 h5 27. Rc1 Rc8 28. Re4 g6 29. fxg6 fxg6 30. b4 c4 31. dxc4 bxc4 32. Rxd4 Rxe5 33. Rcxc4 Rxc4 34. Rxc4 Re2 35. Rd4 Ne7 36. Kf1 Rh2 37. Be1 Nf5 38. Rd8+ Kf7 39. Rd7+ Ke6 40. Ra7 Kd5 41. Rxa6 Ke4 42. Rc6 Kf3 43. Rc3+ Ne3+ 44. Kg1 Rg2+ 45. Kh1 Re2 46. Rc1 Ng2 47. Rc3+ Ne3 48. Rc1 Ng2 49. Bc3 Nxh4 50. b5 Nf5 51. Be1 Rb2 52. a4 h4 53. Rc3+ Ne3 54. Bxh4 Rb1+ 55. Kh2 Rb2+ 56. Kh1 Rb1+ 57. Kh2 Rb2+ 58. Kh3 Rb1 59. Bg3 Ke4 60. a5 Rxb5 61. Ra3 Nc4 62. Ra4 Kd5 63. a6 Nb6 64. a7 Na8 65. Bb8 Kc6 66. Kg4 Kb7 67. Rf4 Rb6 68. Rf7+ Kc8 69. Rg7 Rb4+ 70. Kf3 Rb6 71. Ke4 Rb4+ 72. Kd3 Rb6 73. Be5 Ra6 74. Ke4 Rb6 75. Bd4 Ra6 76. Rg8+ Kb7 77. Rb8+ Kc7 78. Rxa8 1-0


[Site "https://www.chess.com"]

[Event "Titled Tuesday Blitz March 29 Early 2022"]
[White "Sanchez, Robert"]
[Black "Gu, Xiaobing"]
[WhiteFideId "2034360"]
[BlackFideId "8602611"]
[WhiteElo "2267"]
[BlackElo "2174"]
[Result "1-0"]
[Round "07"]
[TimeControl "180+1"]
[Date "2022.03.30"]
[WhiteClock "0:00:17"]
[BlackClock "0:00:07"]

1. e4 c5 2. Nf3 d6 3. d4 cxd4 4. Nxd4 Nf6 5. Nc3 a6 6. Be3 e5 7. Nb3 Be7 8. f3 Be6 9. Qd2 h5 10. O-O-O Nbd7 11. Nd5 Bxd5 12. exd5 Rc8 13. Kb1 Nb6 14. Bxb6 Qxb6 15. c4 O-O 16. Bd3 Nd7 17. Bf5 Rc7 18. Bxd7 Rxd7 19. g4 hxg4 20. fxg4 Rc7 21. c5 Qb5 22. Qd3 Bh4 23. Qxb5 axb5 24. Rc1 dxc5 25. Rxc5 Rxc5 26. Nxc5 Rd8 27. Rd1 b6 28. Ne4 g6 29. g5 f5 30. gxf6 Kf7 31. Kc2 Rc8+ 32. Kb3 Rc7 33. d6 Rd7 34. Kb4 Ke6 35. Kxb5 Kf5 36. Kc6 Rd8 37. Ng3+ Kxf6 38. Kc7 Ke6 39. Ne4 Ra8 40. a3 b5 41. d7 Ra7+ 42. Kb8 Rxd7 43. Nc5+ 1-0


[Site "https://www.chess.com"]

[Event "Titled Tuesday Blitz March 29 Early 2022"]
[White "Sarkar, Justin"]
[Black "Fiol, Fabrice"]
[WhiteFideId "2010011"]
[BlackFideId "611670"]
[WhiteElo "2038"]
[BlackElo "2429"]
[Result "0-1"]
[Round "07"]
[TimeControl "180+1"]
[Date "2022.03.30"]
[WhiteClock "0:00:01"]
[BlackClock "0:00:20"]

1. d4 Nf6 2. c4 e6 3. Nc3 Bb4 4. e3 b6 5. Be2 Bb7 6. Nf3 O-O 7. O-O Bxc3 8. bxc3 Ne4 9. Qc2 f5 10. Ne1 d6 11. f3 Ng5 12. Bd3 Nd7 13. a4 a5 14. Bd2 g6 15. e4 f4 16. h4 Nf7 17. Bxf4 Qxh4 18. Qd2 e5 19. Be3 Rae8 20. Qf2 Qe7 21. Nc2 Nf6 22. Qh4 Kg7 23. Na3 h6 24. Nb5 g5 25. Qh2 Nh8 26. c5 bxc5 27. dxc5 Ng6 28. Rab1 Nf4 29. Bxf4 exf4 30. Nd4 Bc8 31. cxd6 Qxd6 32. Rfd1 Qc5 33. Kh1 c6 34. Rdc1 Rd8 35. Be2 Rfe8 0-1


[Site "https://www.chess.com"]

[Event "Titled Tuesday Blitz March 29 Early 2022"]
[White "Seo, Jung Min"]
[Black "Hamley, Ryan"]
[WhiteFideId "1734687"]
[BlackFideId "30959497"]
[WhiteElo "2401"]
[BlackElo "2539"]
[Result "1-0"]
[Round "07"]
[TimeControl "180+1"]
[Date "2022.03.29"]
[WhiteClock "0:01:56"]
[BlackClock "0:01:42"]

1. d4 Nf6 2. c4 e6 3. Nf3 d5 4. Nc3 Bb4 5. Bg5 h6 6. Bxf6 Qxf6 7. Qa4+ Nc6 8. e3 O-O 9. Rc1 a6 10. a3 Bxc3+ 11. Rxc3 dxc4 12. Qxc4 Bd7 13. Be2 Rac8 14. Qb3 b5 15. Rc5 Qe7 16. Qc3 Qd6 17. O-O Ne7 18. Rc1 c6 19. Ne5 Rfd8 20. Bf3 Nd5 21. Bxd5 exd5 22. Nxc6 Re8 23. Ne5 Bf5 24. b4 Be4 1-0


[Site "https://www.chess.com"]

[Event "Titled Tuesday Blitz March 29 Early 2022"]
[White "Sergienko, Sergey"]
[Black "Aaditya Dhingra"]
[WhiteFideId "4115791"]
[BlackFideId "25678191"]
[WhiteElo "2193"]
[BlackElo "1849"]
[Result "0-1"]
[Round "07"]
[TimeControl "180+1"]
[Date "2022.03.30"]
[WhiteClock "0:00:20"]
[BlackClock "0:00:52"]

1. e4 e5 2. Nf3 Nc6 3. Bb5 a6 4. Ba4 Nf6 5. O-O Be7 6. Re1 b5 7. Bb3 d6 8. c3 O-O 9. h3 Nb8 10. d4 Nbd7 11. Nbd2 Bb7 12. a4 c5 13. Bc2 Re8 14. Nf1 Bf8 15. Ng3 g6 16. d5 c4 17. Be3 Nc5 18. Bxc5 dxc5 19. Qe2 Re7 20. Rad1 Ne8 21. h4 Nd6 22. h5 Bh6 23. Nh2 Bc8 24. hxg6 hxg6 25. Ngf1 Rb8 26. g3 bxa4 27. Bxa4 Reb7 28. Bc6 Rxb2 29. Qf3 Kg7 30. Ne3 Bxe3 31. Qxe3 Qf6 32. Qxc5 Bh3 33. Qe3 Nxe4 34. Re2 Rxe2 35. Qxe2 Nxc3 0-1


[Site "https://www.chess.com"]

[Event "Titled Tuesday Blitz March 29 Early 2022"]
[White "Shandrygin, Nikita"]
[Black "Ardila, Oscar Humberto"]
[WhiteFideId "24198668"]
[BlackFideId "4404742"]
[WhiteElo "2324"]
[BlackElo "1966"]
[Result "1-0"]
[Round "07"]
[TimeControl "180+1"]
[Date "2022.03.30"]
[WhiteClock "0:00:12"]
[BlackClock "0:00:11"]

1. Nf3 Nf6 2. g3 g6 3. Bg2 Bg7 4. O-O O-O 5. d4 d6 6. b3 Nbd7 7. Bb2 c6 8. Nbd2 Qc7 9. a4 a5 10. Nc4 d5 11. Nce5 Nxe5 12. Nxe5 Bf5 13. e3 Ne4 14. Nd3 b6 15. c4 Rac8 16. Rc1 Qb8 17. Ba3 Rfe8 18. g4 Bd7 19. f3 Nf6 20. h3 Bh6 21. Qe2 Qg3 22. Qf2 Qxf2+ 23. Kxf2 c5 24. f4 Ne4+ 25. Bxe4 dxe4 26. Ne5 Be6 27. d5 f6 28. Nc6 Bd7 29. Na7 Ra8 30. Nb5 Bxb5 31. axb5 e6 32. Rfd1 Kf7 33. dxe6+ Rxe6 34. Rd7+ Re7 35. Rcd1 Re8 36. R7d6 Re6 37. Bb2 Bf8 38. Rd7+ R8e7 39. f5 gxf5 40. gxf5 Re5 41. Bxe5 fxe5 42. Rxe7+ Bxe7 43. Rd7 Kf6 44. Rb7 Bf8 45. Rxb6+ Kxf5 46. Ra6 Be7 47. b6 Bh4+ 48. Ke2 Bd8 49. b7 Bc7 50. Rc6 Bb8 51. Rc8 Ba7 52. Ra8 1-0


[Site "https://www.chess.com"]

[Event "Titled Tuesday Blitz March 29 Early 2022"]
[White "Shuvalov, Evgenij"]
[Black "Szpar, Milosz"]
[WhiteFideId "4187237"]
[BlackFideId "1184989"]
[WhiteElo "2151"]
[BlackElo "2447"]
[Result "1-0"]
[Round "07"]
[TimeControl "180+1"]
[Date "2022.03.30"]
[WhiteClock "0:00:12"]
[BlackClock "0:00:19"]

1. Nf3 c5 2. c4 Nc6 3. d4 cxd4 4. Nxd4 e6 5. Nc3 Nf6 6. g3 Qb6 7. Ndb5 Ne5 8. Bf4 d6 9. c5 Qxc5 10. Rc1 a6 11. Nd5 Nxd5 12. Rxc5 dxc5 13. Bxe5 axb5 14. e4 Nb4 15. Bxb5+ Nc6 16. O-O Bd7 17. Bc3 f6 18. f4 Be7 19. f5 e5 20. Bc4 Nd4 21. Bxd4 cxd4 22. Qb3 Bc6 23. Bf7+ Kd8 24. Bd5 Kc7 25. Rc1 Ra6 26. Bxc6 Rxc6 27. Rxc6+ bxc6 28. Qf7 Kd7 29. Qe6+ Kd8 30. Qxc6 Rf8 31. Kf1 g6 32. g4 h5 33. h3 hxg4 34. fxg6 gxh3 35. g7 Re8 36. Qxe8+ Kxe8 37. g8=Q+ Kd7 38. Qh7 d3 39. Qxh3+ Kc6 40. Qxd3 Bc5 41. Qd5+ Kb6 42. Ke2 Kb5 43. Kd3 Kb4 44. a3+ Ka4 45. Qc4+ Ka5 46. Qxc5+ Ka6 47. Qd5 f5 48. Qe6+ Kb5 49. Qxe5+ Ka4 50. Qxf5 Kb3 51. e5 Ka2 52. e6 Kb1 53. e7 Ka2 54. e8=Q Kb3 55. Qee6+ Ka4 56. Qfe4+ Kb5 57. Q6c4+ Ka5 58. Qed5+ Kb6 59. Qcc6+ Ka7 60. Qdd7+ Kb8 61. Qcc8# 1-0


[Site "https://www.chess.com"]